 Dungeon Crawl Stone Soup version 0.29-a0-575-g0dc89cf053 (webtiles) character file.

Game seed: 6856611054118189414

81342 Aapotti the Unseen (level 16, 0/127 HPs)
             Began as a Human Brigand on June 13, 2022.
             Was the Champion of Dithmenos.
             Slain by a bunyip (34 damage)
             ... on level 2 of the Swamp.
             The game lasted 02:04:16 (19052 turns).

Aapotti the Unseen (Human Brigand)                 Turns: 19052, Time: 02:04:17

Health: 0/127      AC: 16    Str: 13    XL:     16   Next: 17%
Magic:  0/28       EV: 23    Int: 22    God:    Dithmenos [******]
Gold:   1160       SH:  0    Dex: 27    Spells: 24/31 levels left

rFire   + . .      SeeInvis .   S - +12 pair of quick blades "Gyre" and "Gimble" {protect}
rCold   + . .      Faith    .   (shield currently unavailable)
rNeg    . . .      Spirit   +   B - +2 robe {rC+ rF+}
rPois   +          Reflect  .   (helmet restricted)
rElec   +          Harm     .   r - +2 cloak {Stlth+}
rCorr   .          Rampage  +   x - +0 pair of gloves
Will    +++..                   k - +0 pair of boots "Igulafiq" {Int+5 Dex+3} Stlth ***+++++++
                                h - amulet of Boxeuvuw {Spirit Rampage rPois Regen+}
HPRegen 1.11/turn               z - +6 ring of dexterity
MPRegen 0.21/turn               P - ring of Qeuphessag {rElec rPois Will++ Slay+4 Stlth-}

@: under a protective aura, wreathed by umbra, studying Fighting
A: horns 2, agile 1, poison resistance
a: Renounce Religion, Shadow Step, Shadow Form


You were on level 2 of the Swamp.
You worshipped Dithmenos.
Dithmenos was exalted by your worship.
You visited 5 branches of the dungeon, and saw 22 of its levels.
You also visited: Gauntlet.

You collected 3402 gold pieces.
You spent 2242 gold pieces at shops.

Inventory:

Hand Weapons
 j - a +2 spectral falchion
 D - a +2 short sword of electrocution
 G - a +4 short sword of freezing
 S - the +12 pair of quick blades "Gyre" and "Gimble" (weapon) {protect}
   (You found it on level 1 of the Lair of Beasts)

   It grants its wielder temporary protection when it strikes (+7 to AC).
Missiles
 a - 2 silver boomerangs
 d - 39 poisoned darts (quivered)
 i - 4 curare-tipped darts
Armour
 k - the +0 pair of boots "Igulafiq" (worn) {Int+5 Dex+3}
   (You found it on level 6 of the Lair of Beasts)

   Int:       It affects your intelligence (+5).
   Dex:       It affects your dexterity (+3).
 m - a +1 buckler
 r - a +2 cloak of stealth (worn)
 x - a +0 pair of gloves (worn)
 B - a +2 robe of resistance (worn)
Jewellery
 c - a ring of flight
 h - the amulet of Boxeuvuw (around neck) {Spirit Rampage rPois Regen+}
   (You acquired it on level 6 of the Dungeon)

   [amulet of guardian spirit]

   It causes incoming damage to be divided between your reserves of health and
   magic.
   rPois:     It protects you from poison.
   Regen:     It increases your rate of health regeneration.
   Rampage:   It bestows one free step when moving towards enemies.
 q - a ring of willpower
 v - a ring of protection from fire
 z - a +6 ring of dexterity (left hand)
 P - the ring of Qeuphessag (right hand) {rElec rPois Will++ Slay+4 Stlth-}
   (You found it in a Gauntlet)

   [ring of slaying]

   Slay:      It affects your accuracy & damage with ranged weapons and melee
   (+4).
   rElec:     It insulates you from electricity.
   rPois:     It protects you from poison.
   Will:      It greatly increases your willpower.
   Stlth:     It makes you less stealthy.
 Q - a ring of positive energy
 U - a ring of protection from cold
 Y - an amulet of reflection
Wands
 e - a wand of iceblast (7)
 u - a wand of acid (11)
 y - a wand of flame (70)
 T - a wand of mindburst (5)
Scrolls
 f - 2 scrolls of brand weapon
 n - 4 scrolls of enchant armour
 o - 4 scrolls of fog
 p - 5 scrolls of teleportation
 I - 3 scrolls of immolation {unknown}
 L - 3 scrolls of magic mapping
 N - a scroll of blinking {unknown}
 R - 3 scrolls of fear
 W - 2 scrolls of poison
 X - a scroll of amnesia
 Z - 10 scrolls of identify
Potions
 b - 5 potions of magic
 g - a potion of flight
 l - a potion of resistance {unknown}
 s - a potion of heal wounds
 t - 3 potions of brilliance
 w - 3 potions of ambrosia
 A - 2 potions of cancellation {unknown}
 C - 11 potions of curing
 E - 4 potions of lignification
 F - 2 potions of attraction


   Skills:
 + Level 12.2 Fighting
 + Level 10.7(12.4) Short Blades
 - Level 10.1(12.1) Long Blades
 - Level 6.0 Throwing
 + Level 11.4 Dodging
 + Level 15.9 Stealth
 - Level 6.0 Shields
 + Level 8.2 Spellcasting
 + Level 4.3 Hexes
 + Level 1.9 Summonings
 - Level 4.0 Invocations


You had 24 spell levels left.
You knew the following spells:

 Your Spells              Type           Power      Damage    Failure   Level
a - Slow                  Hex            100%       N/A       1%          1
b - Tukima's Dance        Hex            28%        N/A       3%          3
c - Summon Guardian Gole  Hex/Summ       22%        N/A       6%          3

Your spell library contained the following spells:

 Spells                   Type           Power      Damage    Failure   Level
 Summon Small Mammal      Summ           68%        N/A       3%          1
 Apportation              Tloc           18%        N/A       8%          1
 Foxfire                  Conj/Fire      36%        2x1d5     8%          1
 Necrotize                Necr           36%        1d5       8%          1
 Inner Flame              Hex/Fire       18%        N/A       9%          3
 Conjure Flame            Conj/Fire      9%         6-21      22%         3
 Flame Wave               Conj/Fire      9%         2d5       58%         4
 Passage of Golubria      Tloc           9%         N/A       58%         4
 Yara's Violent Unravell  Hex/Tmut       9%         3d6       63%         5
 Alistair's Intoxication  Tmut/Pois      6%         N/A       90%         5
 Borgnjor's Vile Clutch   Necr/Erth      4%         N/A       90%         5
 Freezing Cloud           Conj/Ice/Air   4%         6-21      90%         5
 Eringya's Noxious Bog    Tmut/Pois      4%         N/A       100%        6
 Simulacrum               Ice/Necr       4%         N/A       100%        6
 Monstrous Menagerie      Summ           8%         N/A       100%        7
 Polar Vortex             Ice            4%         N/A       100%        9


Dungeon Overview and Level Annotations

Branches:
Dungeon (11/15)            Temple (1/1) D:5            Lair (6/6) D:10
  Swamp (2/4) Lair:2        Snake (0/4) Lair:3        Slime (0/5) Lair:6
    Orc (2/2) D:11            Elf (0/3) Orc:2       Gauntlet (visited)

Altars:
Ashenzari
Cheibriados
Dithmenos
Elyvilon
Gozag
Kikubaaqudgha
Makhleb
Okawaru
Ru
Sif Muna
Trog
Uskayaw
Vehumet
Wu Jian
Xom
Yredelemnul
Zin
Beogh
Jiyva

Shops:
D:1 [   D:5 :   D:10 *   D:11 :   Orc:2 =:!(

Annotations:
D:6 2 transporters, Querens's ghost, novice FoFi
D:7 1 runed translucent door, anet's ghost, novice HOCj


Innate Abilities, Weirdness & Mutations

You have a pair of horns on your head.
You are agile. (Dex +2)
Your system is resistant to poisons. (rPois)


Message History

The eleionoma shouts!
You puncture the eleionoma!
Your weapon exudes an aura of protection.
You puncture the eleionoma! You headbutt the eleionoma.
You puncture the eleionoma!
You kill the eleionoma!
Dithmenos accepts your kill.
You hear a splash.
An eleionoma bone magically twists into a wand of iceblast (14).
The alligator misses you. x2
You puncture the alligator!
You headbutt the alligator, but do no damage.
You puncture the alligator!
Your shadow hits the alligator with a quick blade.
You hit the spriggan druid. You impale the spriggan druid!!
With its final breath, the spriggan druid offers up its power to the beasts of the wild!
The alligator is healed.
The alligator seems to grow more fierce.
The bunyip seems to grow more fierce.
You kill the spriggan druid!
Dithmenos accepts your kill.
You hear a splash. x2
You puncture the alligator! x2; The alligator bites you!
* * * LOW HITPOINT WARNING * * *
The alligator tail-slaps you but does no damage.
Unknown command.
You hit the alligator. You headbutt the alligator! You puncture the alligator!
Your shadow hits the alligator with a quick blade.
Unknown command.
You puncture the alligator! x2
You kill the alligator!
Dithmenos accepts your kill.
You puncture the thorn hunter! Your headbutt misses the thorn hunter.
You hit the thorn hunter.
Your shadow closely misses the thorn hunter.
Unknown command.
You puncture the thorn hunter! Your headbutt misses the thorn hunter.
You hit the thorn hunter but do no damage.
The bunyip claws you!!!
You die...

≈≈...≈.≈ ...≈≈≈
♣.....≈.♣ .≈.≈.≈♣
.≈...§.♣≈.. .≈≈.≈≈.
♣♣.≈...≈.♣§.
≈≈...§w♣♣/≈≈≈≈≈≈≈.≈R
§..w.w§♣.≈≈...≈≈≈.≈≈
.i≈.§§wwR§...♣♣R≈..
..≈..§w†§xxf.PP♣♣
...[.§§w§♣x@.PP≈♣
w..≈.§§§♣♣♣♣♣PP.♣
.≈.≈≈§§♣♣ ♣.PP♣♣
..≈.≈.. ♣♣.P.♣
≈.≈§... ♣≈♣.♣♣
.....PP ♣≈^..♣
≈≈.≈.P♣ ♣♣<≈.♣
..≈k♣♣ ♣≈≈..♣ ♣.♣..♣


You could see a thorn hunter, 3 bunyips and an eleionoma.

Vanquished Creatures
  Jorgrun (Orc:2)
  A thorn hunter (Swamp:1)
  An eleionoma (Swamp:2)
  A minotaur (Gauntlet)
  A fire dragon (Lair:6)
  Snorg (D:11)
  Fannar (D:11)
  A boulder beetle (Lair:5)
  5 hydras
  Erolcha (D:11)
  3 ogre magi (Orc:2)
  2 alligators (Swamp:2)
  A two-headed ogre (D:10)
  12 death yaks
  A tengu warrior (D:11)
  2 spriggans (Swamp:1)
  A soul eater (Gauntlet)
  A fire crab (Gauntlet)
  2 goliath frogs (Swamp:1)
  Amaemon (D:11)
  A sixfirhy (Gauntlet)
  2 spriggan druids
  2 bog bodies (Swamp:1)
  2 swamp dragons
  8 orc sorcerers (Orc:2)
  2 wolf spiders (Lair:6)
  A cyclops (D:11)
  8 elephants
  11 black mambas
  Maurice (D:11)
  A guardian serpent (Lair:6)
  16 cane toads
  A kobold demonologist (D:9)
  10 komodo dragons
  An orange demon (D:11)
  Psyche (D:11)
  5 rime drakes
  9 trolls
  3 polar bears
  4 hornets
  21 blink frogs
  Grinder (D:5)
  15 dream sheep
  Sigmund (D:4)
  2 shadows
  2 wraiths (D:10)
  16 wyverns
  A vampire (D:10)
  41 yaks
  Eustachio (D:5)
  3 vampire mosquitoes
  2 basilisks
  2 redbacks (Lair:6)
  3 fire bats (Gauntlet)
  3 steam dragons
  4 swamp worms
  2 wargs (Orc:1)
  A naga (Lair:3)
  3 acid dragons
  20 water moccasins
  2 hell hounds (Gauntlet)
  5 black bears
  A swamp drake (Swamp:1)
  15 orc warriors
  2 ice beasts (D:7)
  2 sky beasts (D:7)
  9 ogres
  3 centaurs
  9 wolves
  8 kobold brigands
  2 phantoms
  9 bullfrogs
  2 scorpions
  16 wights
  4 killer bees (D:10)
  2 electric eels
  5 howler monkeys
  4 hounds
  A jelly (D:7)
  10 orc priests
  11 iguanas
  39 orc wizards
  3 gnolls (D:4)
  10 adders
  3 shadow imps (Gauntlet)
  A white imp (D:6)
  5 ufetubi
  2 worms (D:3)
  2 dart slugs
  54 orcs
  7 ball pythons
  8 bats
  6 endoplasms
  A giant cockroach (D:1)
  9 goblins
  4 hobgoblins
  2 quokkas
  4 frilled lizards
  16 kobolds
  8 rats
579 creatures vanquished.

Vanquished Creatures (others)
  2 swamp worms (Swamp:2)
  A bush (Lair:2)
  14 demonic plants (Gauntlet)
  44 fungi
  89 plants
  11 toadstools (Swamp:1)
161 creatures vanquished.

Grand Total: 740 creatures vanquished

Notes
Turn   | Place    | Note
-------+----------+-------------------------------------------
     0 | D:1      | Aapotti the Human Brigand began the quest for the Orb.
     0 | D:1      | Reached XP level 1. HP: 16/16 MP: 1/1
   282 | D:1      | Reached XP level 2. HP: 22/22 MP: 2/2
   410 | D:1      | Found Qoegrai's Antique Armour Emporium.
  1110 | D:2      | Reached XP level 3. HP: 17/27 MP: 3/3
  1391 | D:2      | HP: 1/27 [poisoned by an adder]
  1718 | D:2      | Reached skill level 1 in Long Blades
  1718 | D:2      | Reached XP level 4. HP: 14/33 MP: 4/4
  2676 | D:3      | Reached XP level 5. HP: 39/39 MP: 5/5
  2796 | D:3      | Found a faded altar of an unknown god.
  2914 | D:4      | Reached skill level 1 in Shields
  2956 | D:4      | Noticed Sigmund
  3126 | D:4      | Noticed a phantom
  3130 | D:4      | Reached XP level 6. HP: 34/46 MP: 6/6
  3411 | D:4      | Reached skill level 5 in Stealth
  3835 | D:4      | Reached XP level 7. HP: 52/52 MP: 7/7
  3856 | D:4      | Killed Sigmund
  4150 | D:5      | Entered Level 5 of the Dungeon
  4173 | D:5      | Found a staircase to the Ecumenical Temple.
  4367 | D:5      | Reached XP level 8. HP: 19/58 MP: 8/8
  4610 | D:5      | Noticed Grinder
  4611 | D:5      | Paralysed by Grinder for 2 turns
  4624 | D:5      | Killed Grinder
  4773 | D:5      | Reached skill level 6 in Stealth
  4826 | D:5      | Reached skill level 5 in Long Blades
  4963 | D:5      | Found Gahih's Self-Improvement Boutique.
  4978 | D:5      | Identified the +0 robe of the Known World {Regen+ Str+7}
  5068 | D:5      | Noticed Eustachio
  5073 | D:5      | Killed Eustachio
  5074 | D:5      | Reached XP level 9. HP: 65/65 MP: 9/9
  5534 | D:6      | Identified 2 scrolls of acquirement
  5535 | D:6      | Acquired the amulet of Boxeuvuw {Spirit Rampage rPois
                  | Regen+}
  5542 | D:6      | Acquired 982 gold pieces
  5586 | D:5      | Bought a manual of Stealth for 1040 gold pieces
  5593 | D:6      | You fall into a shaft and drop 2 floors!
  6128 | D:7      | Reached skill level 7 in Stealth
  6251 | D:7      | Found a runed translucent door.
  6281 | D:7      | Noticed anet's ghost (novice HOCj)
  6518 | D:8      | Reached skill level 5 in Throwing
  6584 | D:8      | Reached skill level 5 in Fighting
  6614 | D:8      | Reached XP level 10. HP: 74/74 MP: 8/10
  6812 | D:8      | Reached skill level 5 in Dodging
  6815 | D:8      | Reached skill level 8 in Stealth
  7416 | D:9      | Noticed a kobold demonologist
  7447 | D:9      | Killed a kobold demonologist
  7549 | D:9      | Reached skill level 9 in Stealth
  7826 | D:10     | Entered Level 10 of the Dungeon
  8177 | D:10     | Found a staircase to the Lair.
  8211 | D:10     | Noticed a two-headed ogre
  8224 | D:10     | Killed a two-headed ogre
  8225 | D:10     | Reached XP level 11. HP: 74/83 MP: 8/11
  8259 | D:10     | Found an ancient bone altar of Kikubaaqudgha.
  8283 | D:10     | Reached skill level 10 in Stealth
  8315 | D:10     | Found Zyiffei's General Store.
  8321 | D:10     | Bought a book of Cantrips for 144 gold pieces
  8796 | D:10     | Found a shimmering blue altar of Sif Muna.
  9200 | Temple   | Entered the Ecumenical Temple
  9485 | Temple   | Became a worshipper of Dithmenos the Shadowed
  9609 | D:6      | Noticed Querens's ghost (novice FoFi)
  9612 | D:6      | Found a transporter.
  9620 | D:6      | Found a transporter.
 10109 | D:11     | Noticed Snorg
 10167 | D:11     | Noticed a tengu warrior
 10167 | D:11     | Noticed a cyclops
 10201 | Lair:1   | Entered Level 1 of the Lair of Beasts
 10245 | Lair:1   | Reached skill level 10 in Long Blades
 10247 | Lair:1   | Reached skill level 11 in Stealth
 10310 | Lair:1   | Reached skill level 1 in Spellcasting
 10376 | Lair:1   | Found the +12 pair of quick blades "Gyre" and "Gimble"
                  | {protect}
 10680 | Lair:1   | Reached XP level 12. HP: 91/91 MP: 14/14
 11042 | Lair:2   | Reached * piety under Dithmenos
 11123 | Lair:2   | Noticed an eight-headed hydra
 11204 | Lair:2   | Found a staircase to the Swamp.
 11299 | Lair:2   | Reached skill level 5 in Shields
 11309 | Lair:2   | Reached skill level 12 in Stealth
 11421 | Lair:2   | Killed an eight-headed hydra
 11422 | Lair:2   | Reached skill level 5 in Short Blades
 11443 | Lair:2   | Reached ** piety under Dithmenos
 11708 | Lair:2   | Noticed a death yak
 11716 | Lair:2   | Noticed a four-headed hydra
 11727 | Lair:2   | Killed a four-headed hydra
 11728 | Lair:2   | Reached XP level 13. HP: 95/99 MP: 15/18
 11942 | Lair:3   | Found a gate leading to a gauntlet.
 11951 | Gauntlet | Entered a Gauntlet
 11951 | Gauntlet | Found a transporter.
 11965 | Gauntlet | Found a transporter.
 11977 | Gauntlet | Found a transporter.
 11993 | Gauntlet | Found a transporter.
 12000 | Gauntlet | Found a transporter.
 12019 | Gauntlet | Found a transporter.
 12039 | Gauntlet | Found a transporter.
 12057 | Gauntlet | Found a large runed translucent door.
 12058 | Gauntlet | Found a large runed translucent door.
 12059 | Gauntlet | Found a large runed translucent door.
 12059 | Gauntlet | Found a large runed translucent door.
 12060 | Gauntlet | Found a runed translucent gate.
 12061 | Gauntlet | Found a transporter.
 12061 | Gauntlet | Found a runed translucent gate.
 12062 | Gauntlet | Found a runed translucent gate.
 12063 | Gauntlet | Found a large runed translucent door.
 12063 | Gauntlet | Found a large runed translucent door.
 12064 | Gauntlet | Found a large runed translucent door.
 12065 | Gauntlet | Found a large runed translucent door.
 12073 | Gauntlet | Found a transporter.
 12075 | Gauntlet | Noticed a balrug
 12091 | Gauntlet | Found a transporter.
 12101 | Gauntlet | Noticed a dire elephant
 12103 | Gauntlet | Found a transporter.
 12109 | Gauntlet | Found a transporter.
 12111 | Gauntlet | Found a transporter.
 12158 | Gauntlet | Found a transporter.
 12189 | Gauntlet | Found a transporter.
 12191 | Gauntlet | Found a transporter.
 12193 | Gauntlet | Found a transporter.
 12228 | Gauntlet | Found a transporter.
 12230 | Gauntlet | Found a large runed translucent door.
 12230 | Gauntlet | Found a large runed translucent door.
 12231 | Gauntlet | Found a large runed translucent door.
 12231 | Gauntlet | Found a large runed translucent door.
 12269 | Gauntlet | Found a large runed translucent door.
 12269 | Gauntlet | Found a large runed translucent door.
 12269 | Gauntlet | Found a runed translucent door.
 12269 | Gauntlet | Found a runed translucent door.
 12271 | Gauntlet | Found a large runed translucent door.
 12272 | Gauntlet | Found a large runed translucent door.
 12289 | Gauntlet | Reached skill level 13 in Stealth
 12355 | Gauntlet | Identified the ring of Qeuphessag {rElec rPois Will++
                  | Slay+4 Stlth-}
 12433 | Gauntlet | Identified the +6 scimitar of Uncomfortable Rashes {vorpal,
                  | rElec rPois}
 12433 | Gauntlet | Noticed a minotaur
 12439 | Gauntlet | Gained mutation: You have a pair of small horns on your
                  | head. [potion of mutation]
 12439 | Gauntlet | Gained mutation: You are agile. (Dex +2) [potion of
                  | mutation]
 12439 | Gauntlet | Gained mutation: Your system is resistant to poisons.
                  | (rPois) [potion of mutation]
 12439 | Gauntlet | Gained mutation: You have a pair of horns on your head.
                  | [potion of mutation]
 12455 | Gauntlet | Killed a minotaur
 12683 | Lair:3   | Noticed an eight-headed hydra
 12686 | Lair:3   | Found a staircase to the Snake Pit.
 12712 | Lair:3   | Reached skill level 5 in Spellcasting
 12716 | Lair:3   | Reached *** piety under Dithmenos
 12717 | Lair:3   | Reached skill level 1 in Invocations
 12732 | Lair:3   | Killed an eight-headed hydra
 12852 | Lair:3   | Reached skill level 14 in Stealth
 12933 | Lair:3   | Noticed a six-headed hydra
 12938 | Lair:3   | Killed a six-headed hydra
 13209 | Lair:4   | Reached XP level 14. HP: 108/108 MP: 22/22
 13921 | Lair:5   | Found an ancient bone altar of Kikubaaqudgha.
 13937 | Lair:5   | Reached **** piety under Dithmenos
 14395 | Lair:6   | Entered Level 6 of the Lair of Beasts
 14459 | Lair:6   | Reached skill level 10 in Fighting
 14497 | Lair:6   | Got the Papyrus of Creative Curses
 14502 | Lair:6   | Learned a level 1 spell: Slow
 14539 | Lair:6   | HP: 4/110 [black mamba (5)]
 14625 | Lair:6   | Found a viscous altar of Jiyva.
 14625 | Lair:6   | Found a staircase to the Slime Pits.
 14642 | Lair:6   | Reached skill level 10 in Dodging
 14682 | Lair:6   | Reached skill level 1 in Hexes
 14936 | Lair:6   | Reached ***** piety under Dithmenos
 15038 | Lair:6   | Reached skill level 15 in Stealth
 15082 | Lair:6   | Reached XP level 15. HP: 106/117 MP: 19/25
 15213 | Lair:6   | Identified the +0 pair of boots "Igulafiq" {Int+5 Dex+3}
 15409 | Lair:6   | Identified the +0 robe of Sopnadd {-Cast Contam Dex+9}
 15873 | D:5      | Bought a manual of Fighting for 1040 gold pieces
 15991 | D:11     | Noticed Psyche
 16015 | D:11     | Found a staircase to the Orcish Mines.
 16036 | D:11     | Noticed Maurice
 16040 | D:11     | Killed Maurice
 16140 | D:11     | Learned a level 3 spell: Tukima's Dance
 16186 | D:11     | Found Paacukom's Book Shoppe.
 16291 | D:11     | Noticed Erolcha
 16311 | D:11     | Killed Psyche
 16333 | D:11     | Killed Erolcha
 16334 | D:11     | Reached skill level 10 in Short Blades
 16405 | D:11     | Killed Snorg
 16421 | D:11     | Noticed Fannar
 16430 | D:11     | Killed Fannar
 16565 | D:11     | Noticed Amaemon
 16570 | D:11     | Killed Amaemon
 16933 | Orc:1    | Entered Level 1 of the Orcish Mines
 17369 | Orc:2    | Entered Level 2 of the Orcish Mines
 17388 | Orc:2    | Reached ****** piety under Dithmenos
 17690 | Orc:2    | Noticed Jorgrun
 17704 | Orc:2    | Killed Jorgrun
 17735 | Orc:2    | Found a staircase to the Elven Halls.
 17942 | Orc:2    | Found a radiant altar of Vehumet.
 17946 | Orc:2    | Found Gavag's Book Boutique.
 17971 | Orc:2    | Found an ancient bone altar of Kikubaaqudgha.
 18001 | Orc:2    | Found Ecowniz's Antique Weapon Shop.
 18003 | Orc:2    | Found Etagygimes's Jewellery Boutique.
 18035 | Orc:2    | Found Xufaf's Distillery.
 18069 | Orc:2    | Bought a potion of degeneration for 18 gold pieces
 18535 | Swamp:1  | Entered Level 1 of the Swamp
 18550 | Swamp:1  | Learned a level 3 spell: Summon Guardian Golem
 18747 | Swamp:1  | Noticed a thorn hunter
 18767 | Swamp:1  | Killed a thorn hunter
 18798 | Swamp:1  | Reached skill level 1 in Summonings
 18798 | Swamp:1  | Reached XP level 16. HP: 127/127 MP: 28/28
 18920 | Swamp:1  | Identified the +7 flail of the Messenger {speed, rPois
                  | Dex+2}
 19037 | Swamp:2  | Noticed a thorn hunter
 19052 | Swamp:2  | Slain by a bunyip

Illustrated notes

Levels and vault maps discovered:
D:1:      dpeg_arrival_fog, layout_loops_ring, serial_shops, nicolae_shop_stone
D:2:      minmay_spotlight, layout_rooms
D:3:      layout_loops_cross, dilly_ecumenical_altar_fadedgnrine,
          minmay_starry_boxes
D:4:      layout_basic, uniq_sigmund
D:5:      layout_basic, temple_fountains, nicolae_shop_self_help, uniq_grinder,
          uniq_eustachio
D:6:      layout_basic, serial_curves, eino_curves_03, eino_curves_03,
          eino_curves_03, eino_curves_03, gammafunk_ghost_arena
D:7:      layout_basic, ebering_ghost_reflecting_pool
D:8:      layout_loops_ring, feat_on_display
D:9:      layout_cave_pools
D:10:     minmay_razor_zed, layout_loops_ring,
          nicolae_kikubaaqudgha_miasma_corner, led_sif_book, dpeg_oklobed_lair,
          serial_shops, kennysheep_little_box, minmay_misc_feat_five
D:11:     layout_cave_pods, orc_0_dummy, serial_shops, shop, uniq_maurice,
          uniq_fannar, uniq_amaemon, uniq_erolcha, uniq_snorg, uniq_psyche
Temple:   mainiacjoe_temple_big_plus
Lair:1:   layout_roguey, serial_bayou_shore_b
Lair:2:   nzn_winding_woodlands_three_and_one
          [nzn_winding_woodlands_5x15_pockets, nzn_winding_woodlands_5x15_cabin,
          nzn_winding_woodlands_5x15_lazy_stream,
          nzn_winding_woodlands_center_pierced_h], layout_misc_corridors,
          minmay_swamp_entry_worms
Lair:3:   layout_loops_ring, guppyfry_snake_entry_island,
          gauntlet_entry_generic, beast_lair_carwin_6, serial_bayou_shore_b
Lair:4:   layout_cave_pods, minivault_27
Lair:5:   layout_cave_shapes, basic_altar, serial_bayou_shore_b,
          infiniplex_staircase_pool, grunt_megastairs_2
Lair:6:   hangedman_lair_tendril_chambers, layout_long_grid,
          guppyfry_lair_end_dragon, slime_altar_1
Swamp:1:  cheibrodos_swamp_tower_of_moss, layout_basic_swamp, serial_swamp_ruin,
          hangedman_swamp_ruin_hall, evilmike_swamp_ruin_house_5
Swamp:2:  layout_falls_marsh, nicolae_swamp_big_swirl, nicolae_swamp_no_escape
Orc:1:    layout_caves
Orc:2:    kennysheep_orc_mage_school, layout_caves, uniq_jorgrun

Skill      XL: |  1  2  3  4  5  6  7  8  9 10 11 12 13 14 15 |
---------------+----------------------------------------------+-----
Long Blades    | 1 2 3 4 5 6 9 10 | 10.1
Shields        | 1 2 3 4 5 6 |  6.0
Dodging        | 2 3 4 6 7 8 9 10 11 | 11.4
Stealth        | 5 6 7 9 11 12 14 15 | 15.9
Fighting       | 3 4 5 6 7 8 9 10 12 | 12.2
Throwing       | 3 4 5 6 |  6.0
Spellcasting   | 1 3 5 6 8 |  8.2
Short Blades   | 3 6 8 9 10 | 10.7
Invocations    | 2 4 |  4.0
Hexes          | 2 4 |  4.3
Summonings     | 1 |  1.9

Action                   |  1- 3 |  4- 6 |  7- 9 | 10-12 | 13-15 | 16-18 || total
-------------------------+-------+-------+-------+-------+-------+-------++-------
Melee: Dagger            |    38 |   101 |       |       |       |       ||   139
       Falchion          |    60 |     5 |   164 |   265 |       |       ||   494
       Pair of quick bla |       |       |       |   180 |   656 |    21 ||   857
       Headbutt          |       |       |       |       |   156 |     4 ||   160
Throw: Dart              |    13 |    37 |    24 |    35 |    21 |       ||   130
       Boomerang         |       |       |     1 |     7 |     2 |       ||    10
 Cast: Slow              |       |       |       |       |     9 |       ||     9
       Summon Guardian G |       |       |       |       |     1 |     1 ||     2
Evoke: Wand              |       |       |       |     4 |     2 |       ||     6
  Use: Potion            |     2 |       |       |     2 |     3 |       ||     7
       Scroll            |       |     9 |     5 |     6 |     7 |     1 ||    28
 Stab: Sleeping          |     7 |    14 |     6 |    24 |    52 |     5 ||   108
       Distracted        |       |     2 |     2 |    11 |     7 |       ||    22
Armor: Robe              |    33 |    11 |     6 |    62 |    78 |     3 ||   193
       Leather armour    |       |    21 |    16 |       |       |       ||    37
Dodge: Dodged            |    86 |    52 |    53 |   223 |   260 |    25 ||   699
Block: Buckler           |    13 |    26 |    41 |    84 |       |       ||   164

Table legend: (Time is in decaauts)
 A = Elapsed time spent in this place.
 B = Non-inter-level travel time spent in this place.
 C = Inter-level travel time spent in this place.
 D = Time resting spent in this place.
 E = Time spent auto-exploring this place.
 F = Levels seen in this place.
 G = Mean time per level.
                   A        B        C        D        E       F      G
               +--------+--------+--------+--------+--------+-----+--------+
         Total |  18536 |  17309 |   1227 |   1474 |   9409 |  23 |  805.9 |
       Dungeon |  11070 |  10245 |    825 |   1344 |   5434 |  11 | 1006.4 |
        Temple |    307 |    285 |     22 |      0 |      0 |   1 |  307.0 |
          Lair |   4754 |   4495 |    259 |     95 |   2828 |   6 |  792.3 |
         Swamp |    529 |    490 |     39 |      0 |    251 |   2 |  264.5 |
  Orcish Mines |   1399 |   1319 |     80 |      0 |    896 |   2 |  699.5 |
      Gauntlet |    475 |    475 |      0 |     35 |      0 |   1 |  475.0 |
               +--------+--------+--------+--------+--------+-----+--------+

Top non-repeatable levels by time:
     D:5: 1497 daAuts
    D:10: 1420 daAuts
  Lair:6: 1149 daAuts
     D:4: 1070 daAuts
     D:2: 1064 daAuts
     D:7: 1040 daAuts
     D:3: 1033 daAuts
     D:1: 978 daAuts
   Orc:2: 978 daAuts
    D:11: 942 daAuts
  Lair:2: 857 daAuts
  Lair:1: 848 daAuts
     D:8: 830 daAuts
  Lair:4: 687 daAuts
  Lair:3: 685 daAuts
